 Dungeon Crawl Stone Soup version 0.30-b1-2-g02819fbbbe (webtiles) character file.

Game seed: 5559124844353239693

281 Alarkh the Trooper (level 6, 50/52 HPs)
             Began as a Demonspawn Artificer on Nov 26, 2023.
             Was a Follower of Uskayaw.
             Got out of the dungeon alive.
             The game lasted 00:02:55 (3178 turns).

Alarkh the Trooper (Demonspawn Artificer)           Turns: 3178, Time: 00:02:56

Health: 50/52      AC:  8    Str: 12    XL:     6   Next: 6%
Magic:  6/6        EV:  9    Int: 15    God:    Uskayaw [*.....]
Gold:   247        SH:  0    Dex: 13    Spells: 5/5 levels left

rFire   + . .        r - +1 hand axe (elec)
rCold   . . .        (no shield)
rNeg    . . .        s - +1 scale mail {rF+}
rPois   .            (no helmet)
rElec   .            (no cloak)
rCorr   .            u - +0 pair of gloves
SInv    .            (no boots)
Will    .....        (no amulet) Stlth
                     (no ring)
HPRegen 0.28/turn    (no ring)
MPRegen 0.20/turn

%: no passive effects
@: no status effects
A: magic regeneration, weakness stinger 2
a: Renounce Religion, Stomp


You escaped.
You worshipped Uskayaw.
Uskayaw was noncommittal.
You visited 1 branch of the dungeon, and saw 4 of its levels.

You collected 247 gold pieces.

Inventory:

Hand Weapons
 a - a +2 mace of protection
 b - a +1 mace of draining
 j - a +0 short sword
 r - a +1 hand axe of electrocution (weapon)
Armour
 m - the +0 robe of Complete Protection {+Inv rPois}
   (You found it on level 2 of the Dungeon)

   rPois:     It protects you from poison.
   +Inv:      It lets you turn invisible.
 q - a +0 leather armour
 s - a +1 scale mail of fire resistance (worn)
 u - a +0 pair of gloves (worn)
Magical Staves
 n - a staff of cold
 t - a staff of cold
Wands
 c - a wand of flame (7) (quivered)
 d - a wand of charming (15)
 e - a wand of iceblast (4)
Scrolls
 f - 2 scrolls of fog
 g - a scroll of identify
 k - a scroll of fear {unknown}
 l - 2 scrolls of amnesia {unknown}
 o - a scroll of summoning {unknown}
 p - 2 scrolls of teleportation {unknown}
Potions
 h - 3 potions of curing
 i - 3 potions of resistance
 v - a potion of mutation


   Skills:
 + Level 6.1 Fighting
 - Level 1.7 Armour
 - Level 0.8 Dodging
 - Level 0.8 Stealth
 - Level 3.0 Evocations


You had 5 spell levels left.
You didn't know any spells.
Your spell library contained the following spells:

 Spells                   Type           Power      Damage    Failure   Level
 Dazzling Flash           Conj/Hex       0%         N/A       99%         3
 Volatile Blastmotes      Fire/Tloc      0%         2d10      99%         3
 Animate Armour           Summ/Erth      0%         N/A       100%        4
 Iskenderun's Mystic Bla  Conj/Tloc      0%         2d3       100%        4
 Blade Hands              Tmut           0%         N/A       100%        5
 Iron Shot                Conj/Erth      0%         9d1       100%        6
 Starburst                Conj/Fire      0%         6d3       100%        6


Dungeon Overview and Level Annotations

Branches:
Dungeon (4/15)
 Temple: D:4-7

Altars:
Cheibriados
Uskayaw
Xom

Shops:
D:3 [


Innate Abilities, Weirdness & Mutations

You regenerate magic rapidly.
You have a tail ending in a sharp stinger.


Message History

Aim: an ogre, wielding a +0 giant club (moderately wounded, 86% to hit)
The puff of flame misses the ogre.
Aiming: Throw Flame
Press: ? - help, Shift-Dir - straight line, f/p - ogre
Aim: an ogre, wielding a +0 giant club (moderately wounded, 86% to hit)
The puff of flame hits the ogre.
The ogre is heavily wounded.
The ogre hits you with a +0 giant club!!
Ouch! That really hurt!
You can now pass through a line of other dancers.
Aiming: Iceblast
Press: ? - help, Shift-Dir - straight line, p - ogre The mass of ice explodes!
The iceblast engulfs the ogre!!
You kill the ogre!
You hear a shout!
Your Fighting skill increases to level 6!
You have reached level 6!
Your demonic ancestry asserts itself...
Your magic begins to regenerate rapidly.
Things that are here:
a +0 giant club; an ogre corpse
There is an open door here.
There is an open door here.
You open the door.
There is an open door here.
There is a stone staircase leading up here.
You climb upwards.
There is a stone staircase leading down here.
There is a stone staircase leading up here.
You climb upwards.
There is a stone staircase leading down here.
HP restored.
There is an open door here.
There is a stone staircase leading up here.
You climb upwards.
There is a stone staircase leading down here.
There is a staircase leading out of the dungeon here.
You can't go down here!
Are you sure you want to leave the Dungeon?
This will make you lose the game!
You have escaped!

...# #..#
###########.########. ...#
##.###.......###.# #. ...#
#.......⌠.......# #. ####
####..⌠...⌠..#### ###. #
##(......## #... # ##..⌠..##
#... ##...## #...
####...#### ###...
#######....@....#######.....
#.....................#.....
####
#..⌠....⌠.....⌠....⌠..#.....
...#
#.....⌠....#....⌠.....#.....
...#
##..⌠....#####....⌠..##.####
...# ##....###
###....###..... ...# ##>###
###>##....... ..#########
######..... ..........#
#....)


There were no monsters in sight!

Vanquished Creatures
  An ogre (D:4)
  A scorpion (D:4)
  An orc priest (D:4)
  3 adders
  A worm (D:2)
  12 orcs
  9 ball pythons
  4 bats
  2 endoplasms (D:1)
  3 giant cockroaches
  4 goblins
  5 hobgoblins
  2 jackals (D:4)
  A quokka (D:1)
  8 frilled lizards
  6 kobolds
  2 rats
65 creatures vanquished.

Vanquished Creatures (others)
  5 plants (D:2)
5 creatures vanquished.

Grand Total: 70 creatures vanquished

Notes
Turn   | Place    | Note
-------+----------+-------------------------------------------
     0 | D:1      | Alarkh the Demonspawn Artificer began the quest for the
                  | Orb.
     0 | D:1      | Reached XP level 1. HP: 15/15 MP: 1/1
   239 | D:1      | Reached skill level 2 in Fighting
   283 | D:1      | Gained mutation: You have a small tail. [demonic ancestry]
   283 | D:1      | Reached XP level 2. HP: 20/22 MP: 2/2
   814 | D:2      | Found a faded altar of an unknown god.
   926 | D:2      | Identified the +0 robe of Complete Protection {+Inv rPois}
  1141 | D:2      | Reached skill level 3 in Fighting
  1141 | D:2      | Gained mutation: You have a tail ending in a sharp stinger.
                  | [demonic ancestry]
  1141 | D:2      | Reached XP level 3. HP: 29/29 MP: 3/3
  2110 | D:3      | Found a snail-covered altar of Cheibriados.
  2321 | D:3      | Reached XP level 4. HP: 34/36 MP: 4/4
  2353 | D:3      | Found Xiull's Antique Armour Boutique.
  2399 | D:3      | Reached skill level 4 in Fighting
  2511 | D:3      | Found a shimmering altar of Xom.
  2880 | D:4      | Found a hide-covered altar of Uskayaw.
  2922 | D:4      | Noticed a scorpion
  2934 | D:4      | Killed a scorpion
  2935 | D:4      | Reached skill level 5 in Fighting
  2935 | D:4      | Reached XP level 5. HP: 41/44 MP: 5/5
  2948 | D:4      | Became a worshipper of Uskayaw the Reveller
  3036 | D:4      | Reached * piety under Uskayaw
  3072 | D:4      | Noticed an ogre
  3077 | D:4      | Reached ** piety under Uskayaw
  3078 | D:4      | Killed an ogre
  3079 | D:4      | Reached skill level 6 in Fighting
  3079 | D:4      | Gained mutation: You regenerate magic rapidly. [demonic
                  | ancestry]
  3079 | D:4      | Reached XP level 6. HP: 21/52 MP: 6/6
  3178 | D:$      | Got out of the dungeon alive.

Illustrated notes

Levels and vault maps discovered:
D:1:      dpeg_arrival_leaves_temple_mockup, layout_basic
D:2:      layout_loops_corners, nicolae_ecumenical_oubliette, serial_forest,
          infiniplex_forest_lined_1, infiniplex_forest_zigzag_1,
          infiniplex_forest_straight_2, infiniplex_forest_clump_double,
          infiniplex_forest_lined_room_2, infiniplex_forest_clump_C,
          infiniplex_forest_end_2, nicolae_figureground_sparkle
D:3:      layout_rooms, mainiacjoe_overflow_six_doors_small,
          mainiacjoe_overflow_alcove_4, serial_shops,
          nicolae_shop_advertising_works [nicolae_subvault_shop_adworks]
D:4:      layout_gridville, mainiacjoe_overflow_surrounded_room,
          lemuel_round_altar, chequers_temple_overflow_statue_of_worship

Skill      XL: |  1  2  3  4  5 |
---------------+----------------+-----
Fighting       | 2 3 5 6 |  6.1
Armour         | |  1.7
Dodging        | |  0.8
Stealth        | |  0.8
Evocations     | |  3.0

Action                     |  1- 3 |  4- 6 || total
---------------------------+-------+-------++-------
  Melee: Short sword       |    24 |       ||    24
         Club              |    20 |       ||    20
         Punch             |     1 |     1 ||     2
         Mace              |    88 |       ||    88
         Tailslap          |    12 |     3 ||    15
         Hand axe          |     9 |    45 ||    54
  Evoke: Wand              |     1 |     8 ||     9
    Use: Scroll            |     1 |     2 ||     3
   Stab: Sleeping          |     4 |       ||     4
 Armour: Leather armour    |    20 |       ||    20
         Robe              |    12 |       ||    12
         Scale mail        |     7 |    28 ||    35
  Dodge: Dodged            |    80 |    18 ||    98
